 Dungeon Crawl Stone Soup version 0.26.1-11-gd32895ea62 (webtiles) character file.

Game seed: 2062895495810598531

304 Zeld the Magician (level 6, -2/38 HPs)
             Began as an Octopode Transmuter on May 26, 2021.
             Was an Initiate of Gozag.
             Slain by a worker ant (3 damage)
             ... on level 3 of the Dungeon.
             The game lasted 00:05:50 (4826 turns).

Zeld the Magician (Octopode Transmuter)             Turns: 4826, Time: 00:05:51

Health: -2/38      AC:  1    Str: 11    XL:     6   Next: 38%
Magic:  11/13      EV: 13    Int: 16    God:    Gozag
Gold:   364        SH:  0    Dex: 12    Spells: 4/14 levels left

rFire    . . .     SeeInvis .     - Unarmed
rCold    . . .     Faith    .   (no shield)
rNeg     . . .     Spirit   .   (helmet currently unavailable)
rPois    .         Reflect  .   (no amulet)
rElec    .         Harm     .   (no ring)
rCorr    .         Rampage  .   (no ring)
Will     .....                  (no ring)
Stlth    ++........             (no ring)
HPRegen  0.12/turn              (no ring)
MPRegen  0.13/turn              (no ring)
                                (no ring)
                                (no ring)

@: appendages, wereblooded
A: almost no armour, stealthy swim, amphibious, 8 rings, constrict 8, tentacle
spike 3, camouflage 1, gelatinous body 1
a: End Transformation, Renounce Religion, Potion Petition, Call Merchant, Bribe
Branch


You were on level 3 of the Dungeon.
You worshipped Gozag.
Gozag was aware of your devotion.
One of your tentacles had a temporary spike.
You visited 1 branch of the dungeon, and saw 4 of its levels.
You also visited: Sewer.

You collected 388 gold pieces.
You paid 24 gold pieces to Gozag.

Inventory:

Jewellery
 i - an uncursed amulet of regeneration {unknown}
Wands
 m - a wand of polymorph (8)
Scrolls
 b - 3 scrolls of enchant weapon {unknown}
 c - 2 scrolls of magic mapping {unknown}
 d - 2 scrolls of amnesia {unknown}
 f - a scroll of teleportation {unknown}
 h - 3 scrolls of remove curse {unknown}
 k - 3 scrolls of identify {unknown}
 l - a scroll of enchant armour {unknown}
Potions
 a - 4 potions of heal wounds {unknown}
 e - 2 potions of flight {unknown}
 g - 2 potions of brilliance {unknown}
 j - a potion of ambrosia {unknown}
 n - a potion of might {unknown}
 p - a potion of resistance {unknown}
 q - a potion of cancellation {unknown}
 r - a potion of lignification {unknown}


   Skills:
 - Level 1.4 Fighting
 - Level 2.3 Dodging
 - Level 3.0 Unarmed Combat
 * Level 4.7 Spellcasting
 - Level 2.6 Transmutations
 + Level 3.5 Poison Magic


You had 4 spell levels left.
You knew the following spells:

 Your Spells              Type           Power        Failure   Level
a - Beastly Appendage     Tmut           24%          5%          1
b - Wereblood             Tmut           12%          9%          2
c - Spider Form           Tmut/Pois      6%           13%         3
d - Ice Form              Ice/Tmut       7%           67%         4

Your spell library contained the following spells:

 Spells                   Type           Power        Failure   Level
 Blade Hands              Tmut           6%           83%         5


Dungeon Overview and Level Annotations

Branches:
Dungeon (4/15)              Sewer (visited)
 Temple: D:4-7

Altars:
Elyvilon
Gozag
Okawaru
Wu Jian


Innate Abilities, Weirdness & Mutations

You cannot wear most types of armour.
You are very stealthy in the water. (Stealth+)
You are amphibious.
You can wear up to eight rings at the same time.
You can use your tentacles to constrict eight enemies at once.
Your skin changes colour to match your surroundings (Stealth+).
Your rubbery body absorbs attacks. (AC +1, EV +1)
One of your tentacles bears a large vicious spike.


Message History

You feel sick. The worker ant closely misses you.
You feel better. The worker ant misses you. The worker ant bites you!
* * * LOW HITPOINT WARNING * * *
You are too injured to fight recklessly!
You are too injured to fight recklessly!
You closely miss the worker ant. You grab the worker ant.
You pierce the worker ant.
The worker ant is lightly wounded.
You constrict the worker ant, but do no damage.
The worker ant barely misses you.
You tentacle-slap the worker ant but do no damage.
You squeeze the worker ant, but do no damage.
The worker ant is lightly wounded.
You constrict the worker ant. The worker ant bites you!
* * * LOW HITPOINT WARNING * * *
You tentacle-slap the worker ant.
The worker ant is heavily wounded.
You constrict the worker ant. The worker ant bites you.
You die...
Your body crumbles into a pile of gold.

#..............# #.#
#..#.##.######.# #.# #..#.##.#
#.# #.# #>......# #.# #.#
########.#.#### #.# ##.##
.........#.# ######.####.#.##
##########.####..........###.#
#......#...B.....###..#..##
#.#.#.##.##.@######.......###
#.#..........# #...........
#.#.#.##.###.# ##........##.
#.....##.# #.# #.......)###.
###.####.# #.# #..#....## #.
#.# #.# #.####..#.##.# #. #.#
#.# #.........##.####. #.# #.#
######............ ##.####.#
#.##.##.#####


You could see a worker ant.

Vanquished Creatures
  A big kobold (Sewer)
  A hound (D:3)
  Jessica (D:2)
  Terence (D:2)
  Robin (D:2)
  A river rat (D:3)
  3 adders
  3 worms (D:3)
  A dart slug (D:2)
  2 leopard geckos
  An orc (D:3)
  5 giant cockroaches
  12 hobgoblins
  7 jackals
  4 quokkas
  9 bats
  2 frilled lizards
  13 goblins
  13 kobolds
  10 rats
91 creatures vanquished.

Notes
Turn   | Place    | Note
-------+----------+-------------------------------------------
     0 | D:1      | Zeld the Octopode Transmuter began the quest for the Orb.
     0 | D:1      | Reached XP level 1. HP: 13/13 MP: 3/3
   472 | D:1      | Reached XP level 2. HP: 15/18 MP: 3/5
   526 | D:1      | Learned a level 2 spell: Wereblood
  1071 | D:1      | Reached XP level 3. HP: 18/23 MP: 4/6
  1075 | D:1      | Learned a level 3 spell: Spider Form
  1580 | D:2      | Found an ornate altar of the Wu Jian Council.
  1586 | D:2      | Noticed Jessica
  1590 | D:2      | Noticed Terence
  1597 | D:2      | Killed Jessica
  1598 | D:2      | Reached skill level 1 in Poison Magic
  1599 | D:2      | Killed Terence
  1600 | D:2      | Reached skill level 3 in Spellcasting
  1600 | D:2      | Reached XP level 4. HP: 19/28 MP: 6/8
  1972 | D:2      | Noticed Robin
  1983 | D:2      | Killed Robin
  1984 | D:2      | Reached XP level 5. HP: 24/33 MP: 8/10
  2196 | D:2      | Found a white marble altar of Elyvilon.
  2298 | D:2      | Found an opulent altar of Gozag.
  2301 | D:2      | Became a worshipper of Gozag Ym Sagoz the Greedy
  3170 | D:3      | Found an iron altar of Okawaru.
  3373 | D:3      | Reached skill level 4 in Spellcasting
  3397 | D:3      | Found a glowing drain.
  3414 | Sewer    | Entered a sewer
  3781 | Sewer    | Learned a level 4 spell: Ice Form
  3853 | Sewer    | Noticed a big kobold
  4173 | Sewer    | Killed a big kobold
  4174 | Sewer    | Reached XP level 6. HP: 28/38 MP: 12/12
  4295 | Sewer    | Found a white marble altar of Elyvilon.
  4825 | D:3      | HP: 1/38 [worker ant (7)]
  4826 | D:3      | Slain by a worker ant

Illustrated notes

Levels and vault maps discovered:
D:1:      evilmike_arrival_plus, layout_loops_corners, minmay_tromino_v4_c
D:2:      layout_basic, marbit_many_paths, lemuel_crystal_altar,
          elyvilon_altar_4, uniq_terence, uniq_robin, uniq_jessica
D:3:      layout_loops_ring, kennysheep_okawaru_gauntlet,
          gup_sewer_entry_bubbles
D:4:      layout_layer_cave, tgw_xom, general_overflow_altar, tso_metal_star,
          lemuel_round_altar, temple_hall, minmay_pentomino_pile,
          uniq_blork_the_orc

Skill      XL: |  1  2  3  4  5 |
---------------+----------------+-----
Poison Magic   | 1 2 3 |  3.5
Spellcasting   | 3 4 |  4.7
Fighting       | |  1.4
Dodging        | |  2.3
Unarmed Combat | |  3.0
Transmutations | |  2.6

Action                   |  1- 3 |  4- 6 || total
-------------------------+-------+-------++-------
Melee: Unarmed           |    65 |   141 ||   206
       Constrict         |    19 |    40 ||    59
       Tentacles         |     7 |    22 ||    29
       Kick              |    14 |    34 ||    48
       Punch             |       |     1 ||     1
 Cast: Beastly Appendage |    22 |    31 ||    53
       Wereblood         |       |     5 ||     5
  Use: Potion            |       |     4 ||     4
 Stab: Sleeping          |     5 |     6 ||    11
       Distracted        |       |     1 ||     1
Armor: Skin              |     8 |    15 ||    23
Dodge: Dodged            |    49 |   121 ||   170
